 Dungeon Crawl Stone Soup version 0.20-a0-1006-ge6c5631 (webtiles) character file.

156 Duffy the Chopper (level 5, 0/45 HPs)
             Began as a Naga Gladiator on Apr 13, 2017.
             Was a Follower of Uskayaw.
             Slain by Pikel
             ... wielding a +1 whip of freezing
              (1 damage)
             ... on level 5 of the Dungeon.
             The game lasted 00:03:38 (2337 turns).

Duffy the Chopper (Naga Gladiator)                  Turns: 2337, Time: 00:03:38

Health: 0/45       AC:  7    Str: 17    XL:     5   Next: 37%
Magic:  5/5        EV:  5    Int: 13    God:    Uskayaw [*.....]
Gold:   121        SH:  0    Dex: 11    Spells: 4/4 levels left

rFire    . . .     SeeInvis +   a - +1 war axe
rCold    . . .     Gourm    .   (no shield)
rNeg     . . .     Faith    .   r - +0 chain mail
rPois    +         Spirit   .   c - +0 helmet
rElec    .         Reflect  .   (no cloak)
rCorr    .         Harm     .   (no gloves)
MR       .....                  (no barding)
Stlth    ..........             (no amulet)
Regen    0.2/turn               e - ring of flight
MPRegen  0.1/turn               g - ring of poison resistance

@: brilliant, short of breath, flying, very slow
A: see invisible, clumsy 1, deformed body, poison resistance, slowness 2, slow
metabolism 1, spit poison 2, AC +1
a: Breathe Poison Gas, Stomp, Renounce Religion


You were on level 5 of the Dungeon.
You worshipped Uskayaw.
Uskayaw was noncommittal.
You were very hungry.

You visited 1 branch of the dungeon, and saw 4 of its levels.

You collected 121 gold pieces.

Inventory:

Hand Weapons
 a - a +1 war axe (weapon)
Missiles
 d - a throwing net (quivered)
Armour
 c - a +0 helmet (worn)
 r - a +0 chain mail (worn)
Jewellery
 e - a ring of flight (left hand)
 g - a ring of poison resistance (right hand)
Scrolls
 h - a scroll of enchant weapon
 k - 2 scrolls of remove curse
 l - a scroll of fog {unknown}
 m - a scroll of magic mapping {unknown}
Potions
 n - a potion of flight
 o - a potion of brilliance
 q - a potion of mutation
Comestibles
 b - 2 royal jellies
 f - 5 bread rations
 j - 4 fruits


   Skills:
 - Level 2.0 Fighting
 + Level 5.4 Axes
 - Level 1.7 Throwing
 + Level 1.5 Armour
 - Level 2.4 Dodging


You had 4 spell levels left.
You didn't know any spells.

Dungeon Overview and Level Annotations

Branches:
Dungeon (3/15)

Altars:
Sif Muna
Uskayaw

Annotations:
D:5 Pikel


Innate Abilities, Weirdness & Mutations

You cannot wear boots.
Your serpentine skin is tough. (AC +1)
You have supernaturally acute eyesight. (SInv)
Armour fits poorly on your strangely shaped body.
Your system is resistant to poisons. (rPois)
You cover ground very slowly.
You have a slow metabolism.
You can exhale a cloud of poison.
You are clumsy. (Dex -2)


Message History

The slave looks even sicker.
The slave closely misses you.
Pikel is engulfed in poison gas.
Pikel looks even sicker.
The slave is engulfed in poison gas.
The slave looks even sicker.
You kill the slave!
That felt strangely unrewarding.
Pikel is engulfed in poison gas.
Pikel looks as sick as possible!
You barely miss Pikel.
Pikel is heavily wounded.
Pikel hits you with a whip of freezing. Pikel freezes you.
Pikel hits you with a whip of freezing. Pikel freezes you.
Okay, then.
You have got your breath back.
Press: ? - help, Shift-Dir - straight line, f - Pikel
Aim: Pikel, wielding a whip of freezing and wearing a robe (heavily wounded, poisoned)
You exhale a blast of poison gas.
The poison gas hits Pikel.
Pikel is severely wounded.
You are feeling very hungry.
Pikel is engulfed in poison gas.
Pikel looks even sicker.
Pikel hits you with a whip of freezing.
You die...

......'.........+
......
...####.........#
#...#####.# ..##
##.......#
#........# .##
##.....## #p# ..
##...## #p# .#
##'## #.# .# #.#
#.# .#
######.#######
#[#
............@.#
#[#
.#####...####K#
#.# #.....
#.####.# ##...##
#.p..p.# ##.##
######## ###


You could see Pikel and a slave.

Vanquished Creatures
  2 slaves (D:5)
  A crimson imp (D:5)
  An orc wizard (D:3)
  4 adders
  A shadow imp (D:5)
  A dart slug (D:2)
  4 orcs (D:3)
  5 bats
  4 goblins
  3 hobgoblins
  7 jackals
  2 frilled lizards
  5 kobolds
  6 rats
46 creatures vanquished.

Vanquished Creatures (others)
  A fungus (D:5)
1 creature vanquished.

Grand Total: 47 creatures vanquished

Notes
Turn   | Place    | Note
-------+----------+-------------------------------------------
     0 | D:1      | Duffy the Naga Gladiator began the quest for the Orb.
     0 | D:1      | Reached XP level 1. HP: 19/19 MP: 1/1
   400 | D:1      | Reached XP level 2. HP: 24/26 MP: 2/2
   886 | D:1      | Reached skill level 4 in Axes
  1091 | D:2      | Found a faded altar of an unknown god.
  1114 | D:2      | Reached XP level 3. HP: 28/32 MP: 3/3
  1154 | D:2      | Became a worshipper of Uskayaw the Reveler
  1154 | D:2      | Reached * piety under Uskayaw
  1526 | D:2      | Reached ** piety under Uskayaw
  1724 | D:3      | Reached XP level 4. HP: 37/39 MP: 4/4
  1903 | D:3      | Reached skill level 5 in Axes
  1904 | D:3      | Reached *** piety under Uskayaw
  1905 | D:3      | Reached skill level 1 in Armour
  1910 | D:3      | You fall through a shaft for 2 floors!
  1910 | D:5      | Entered Level 5 of the Dungeon
  2116 | D:5      | Found a deep blue altar of Sif Muna.
  2182 | D:5      | Reached XP level 5. HP: 30/45 MP: 5/5
  2300 | D:5      | Noticed a slave
  2301 | D:5      | Noticed a slave
  2304 | D:5      | Noticed a slave
  2323 | D:5      | Noticed Pikel
  2323 | D:5      | Killed a slave
  2325 | D:5      | Gained mutation: You are clumsy. (Dex -2) [potion of mutation]
  2325 | D:5      | Gained mutation: You can exhale a cloud of poison. [potion of mutation]
  2327 | D:5      | Noticed a slave
  2329 | D:5      | Killed a slave
  2334 | D:5      | HP: 2/45 [Pikel/whip of freezing (3)]
  2337 | D:5      | Slain by Pikel

Vault maps used:
D:1:      minmay_arrival_wavy_path
D:2:      chequers_ecumenical_altar_simple_redux
D:3:      minmay_ruptured, uniq_robin, uniq_terence
D:5:      fedhas_altar_3, nicolae_overflow_quartered_altars, first_bread,
          gup_sewer_entry_pipe, uniq_pikel

Skill      XL: |  1  2  3  4 |
---------------+-------------+-----
Axes           | 4 5 |  5.4
Armour         | 1 |  1.5
Fighting       | |  2.0
Throwing       | |  1.7
Dodging        | |  2.4

Action                   |  1- 3 |  4- 6 || total
-------------------------+-------+-------++-------
Melee: War axe           |    59 |    43 ||   102
Throw: Throwing net      |       |     2 ||     2
 Abil: Spit Poison       |    20 |     5 ||    25
       Breathe Poison Ga |       |     2 ||     2
  Use: Scroll            |     1 |     1 ||     2
       Potion            |       |     4 ||     4
 Stab: Paralysed         |       |     2 ||     2
  Eat: Chunk             |     3 |     1 ||     4
Armor: Leather armour    |    10 |       ||    10
       Ring mail         |     8 |     2 ||    10
       Chain mail        |       |    23 ||    23
Dodge: Dodged            |    38 |    12 ||    50
